 Dungeon Crawl Stone Soup version 0.23.2-33-g5129a83184 (webtiles) character file.

Game seed: 11539009502388943801

23 teukkam the Skirmisher (level 2, -1/27 HPs)
             Began as a Minotaur Fighter on July 5, 2019.
             Slain by an ogre
             ... wielding a cursed -1 giant club
              (12 damage)
             ... on level 3 of the Dungeon.
             The game lasted 00:03:37 (466 turns).

teukkam the Skirmisher (Minotaur Fighter)            Turns: 466, Time: 00:03:38

Health: -1/27      AC:  7    Str: 20    XL:     2   Next: 75%
Magic:  1/1        EV:  7    Int:  5    God:
Gold:   40         SH:  9    Dex:  9    Spells: 1/1 levels left

rFire    . . .     SeeInvis .   a - +0 war axe
rCold    . . .     Gourm    .   c - +0 shield
rNeg     . . .     Faith    .   b - +0 scale mail
rPois    .         Spirit   .   (helmet restricted)
rElec    .         Reflect  .   (no cloak)
rCorr    .         Harm     .   (no gloves)
MR       .....                  (no boots)
Stlth    ..........             (no amulet)
HPRegen  0.09/turn              (no ring)
MPRegen  0.07/turn              (no ring)

@: no status effects
A: retaliatory headbutt, horns 2
a: no special abilities


You were on level 3 of the Dungeon.
You were not hungry.

You visited 1 branch of the dungeon, and saw 3 of its levels.

You collected 40 gold pieces.

Inventory:

Hand Weapons
 a - a +0 war axe (weapon)
 l - a -1 quarterstaff
Armour
 b - a +0 scale mail (worn)
 c - a +0 shield (worn)
Jewellery
 e - an uncursed ring of protection from magic {unknown}
Wands
 m - a wand of random effects (12)
Scrolls
 j - 3 scrolls of identify
 k - a scroll of teleportation {unknown}
 n - a scroll of fear {unknown}
 o - 2 scrolls of blinking {unknown}
Potions
 d - a potion of might
 g - a potion of lignification
 h - a potion of curing {unknown}
Comestibles
 f - 5 rations
 i - a chunk of flesh


   Skills:
 + Level 4.0 Fighting
 + Level 2.9 Axes
 + Level 4.0 Armour
 + Level 4.0 Shields


You had one spell level left.
You didn't know any spells.
Your spell library was empty.

Dungeon Overview and Level Annotations

Branches:
Dungeon (3/15)

Altars:
Hepliaklqana
Okawaru


Innate Abilities, Weirdness & Mutations

You reflexively headbutt those who attack you in melee.
You have a pair of horns on your head.


Message History

o - 2 scrolls labeled FOOHOWNATIRR (gained 1)
Found a stone staircase leading down.
Search for what [? for help]? dyed An ogre comes into view.
It is wielding a -1 giant club.
The ogre shouts!
Found 3 gold pieces.
You block the ogre's attack.
Your shield prevents you from hitting the ogre.
You block the ogre's attack.
You hit the ogre.
The ogre is lightly wounded.
You block the ogre's attack.
You hit the ogre.
The ogre is lightly wounded.
The ogre hits you with a cursed -1 giant club!
Ouch! That really hurt!
You closely miss the ogre.
The ogre is lightly wounded.
The ogre hits you with a cursed -1 giant club!
You die...

*,*,*,#...***###.#.# *,* **
*,,,,,,...,,,,...#.# *,* #.
****.#.#.#.######.#.## *,* #.
,,,,>................# *,* #.
****.#.#.#.#.##.#.#..##*,*******,
****,*,*,#.#.##.#.#...#*,,,,,,,,,
,,,,,,,*,#.#.##.....#.#**********
,,,,,,,*,#..<.......#.##
,,,,,,,*,#######@...#..##########
,,,,,,,*,......O....##.#.......#.
****,,,,,........................
*,*,,,.............#.)........
*,**,,....######.#.#..........
*,**,,....* #.#.#(#######..
*,**,,.$.,* #.#.#..# #...
*,**,,..,,*****#.#.##.# #...
*,**,,,,,,,,,,**,#.*#.#####...


You could see an ogre.

Vanquished Creatures
  An ooze (D:3)
  A worm (D:3)
  A dart slug (D:3)
  3 bats
  3 goblins
  A hobgoblin (D:3)
  A kobold (D:2)
  A quokka (D:3)
  A rat (D:3)
13 creatures vanquished.

Notes
Turn   | Place    | Note
-------+----------+-------------------------------------------
     0 | D:1      | teukkam the Minotaur Fighter began the quest for the Orb.
     0 | D:1      | Reached XP level 1. HP: 19/19 MP: 0/0
   197 | D:3      | Found an iron altar of Okawaru.
   259 | D:3      | Reached XP level 2. HP: 25/27 MP: 1/1
   390 | D:3      | Found a hazy altar of Hepliaklqana.
   461 | D:3      | Noticed an ogre
   466 | D:3      | Slain by an ogre

Skill      XL: |  1  2 |
---------------+-------+-----
Fighting       | 4 |  4.0
Armour         | 4 |  4.0
Shields        | 4 |  4.0
Axes           | |  2.9

Action                   || total
-------------------------++-------
Melee: War axe           ||    46
       Headbutt          ||     3
  Use: Scroll            ||     3
Armor: Scale mail        ||    33
Dodge: Dodged            ||    15
Block: Shield            ||    20
